 Dungeon Crawl Stone Soup version 0.16.1-12-gf5c4a84 (webtiles) character file.

81 KarvaRausku the Skirmisher (level 4, -5/41 HPs)
             Began as a Hill Orc Fighter on Apr 10, 2015.
             Killed from afar by a white imp (10 damage)
             ... with a puff of frost
             ... summoned by Natasha
             ... on level 3 of the Dungeon.
             The game lasted 00:04:32 (1983 turns).

KarvaRausku the Skirmisher (Hill Orc Fighter)       Turns: 1983, Time: 00:04:32

Health: -5/41      AC: 11    Str: 19    XL:     4   Next: 40%
Magic:  4/4        EV:  3    Int:  8    God:
Gold:   95         SH:  9    Dex: 10    Spells: 0 memorised, 3 levels left

rFire  . . .     SeeInvis .     a - +0 flail
rCold  . . .     Clarity  .     n - +0 plate armour
rNeg   . . .     SustAb   .     c - +0 shield
rPois  .         Gourm    .     (no helmet)
rElec  .         Spirit   .     (no cloak)
rCorr  .         Warding  .     (no gloves)
rMut   .         Stasis   .     (no boots)
MR     .....                    (no amulet)
Stlth  ..........               (no ring)
                                (no ring)

@: slowed, very slow, not resistant to hostile enchantments, extremely
unstealthy
A: no striking features
a: no special abilities


You were on level 3 of the Dungeon.
You were not hungry.

You visited 1 branch of the dungeon, and saw 3 of its levels.

You collected 95 gold pieces.

Inventory:

Hand weapons
 a - a +0 flail (weapon)
Armour
 b - a +0 scale mail
 c - a +0 shield (worn)
 j - a +2 leather armour of cold resistance
 n - a +0 plate armour (worn)
 q - a +0 plate armour
Scrolls
 g - 2 scrolls of amnesia {unknown}
 o - 4 scrolls of magic mapping {unknown}
 u - a scroll of fear {unknown}
 v - a scroll of remove curse {unknown}
Potions
 e - 2 potions of might
 f - a potion of restore abilities {unknown}
 h - a potion of curing {unknown}
 i - a potion of magic {unknown}
 k - 2 potions of lignification {unknown}
 m - a potion of haste {unknown}
 r - 2 potions of brilliance {unknown}
 s - a potion of heal wounds {unknown}
Comestibles
 d - a meat ration
 l - a slice of pizza
 p - a beef jerky
 t - 4 chunks of flesh


   Skills:
 + Level 4.6 Fighting
 * Level 4.1 Maces & Flails
 - Level 3.2 Armour
 - Level 3.2 Shields


You had 3 spell levels left.
You didn't know any spells.

Dungeon Overview and Level Annotations

Branches:
Dungeon (3/15)

Altars:
Ashenzari
Vehumet
Xom
The Shining One

Annotations:
D:3 Natasha


Message History

The crimson imp barely misses you.
The crimson imp hits you but does no damage.
The white imp hits you but does no damage.
You hit the crimson imp.
The crimson imp is lightly wounded.
Natasha stares at thin air and mumbles some strange words.
A cloud of flames roars to life!
The crimson imp hits you. You block the white imp's attack.
The crimson imp hits you but does no damage.
You block the white imp's attack.
You hit the crimson imp but do no damage.
The crimson imp disappears in a puff of smoke!
You block the white imp's attack.
Natasha mumbles some strange words.
The white imp gestures at you. The puff of frost hits you!
* * * LOW HITPOINT WARNING * * *
The white imp gestures at you. The puff of frost hits you!
You die...

###.##.# #.# #.##.#
# #..#.#
##.#######.##.#
###..#†#
#.......[.....#
.......#
#..#######.####
######.# #..# #.#
#.# #..#### #.#
######.#####.....#
#.#
.............###.#
#.# #####..##.####
#@# #.# #..##.#
###.####.# #.....#
#§5..§##.#
#..##.####h###.##.#
#.##.....55# #....#
#.##.#####.###.####
#.##.# #.....#
#.##.#######.###
#....5..(5...#


You could see Natasha, a crimson imp and 2 white imps.

Vanquished Creatures
  3 adders
  A shadow imp (D:3)
  A white imp (D:3)
  A worm (D:2)
  9 bats
  5 giant cockroaches (D:2)
  5 hobgoblins
  7 jackals
  A giant gecko (D:2)
  4 giant newts
  5 goblins
  3 kobolds
  4 rats
49 creatures vanquished.

Notes
Turn   | Place    | Note
--------------------------------------------------------------
     0 | D:1      | KarvaRausku, the Hill Orc Fighter, began the quest for the Orb.
     0 | D:1      | Reached XP level 1. HP: 19/19 MP: 1/1
   153 | D:1      | Reached XP level 2. HP: 20/27 MP: 2/2
   202 | D:1      | Reached skill level 4 in Fighting
   835 | D:2      | Reached XP level 3. HP: 22/33 MP: 3/3
  1212 | D:2      | Reached XP level 4. HP: 39/41 MP: 4/4
  1216 | D:2      | Found a shimmering altar of Xom.
  1217 | D:2      | Found a shattered altar of Ashenzari.
  1816 | D:3      | Found a radiant altar of Vehumet.
  1854 | D:3      | Found a glowing golden altar of the Shining One.
  1951 | D:3      | Noticed Natasha
  1983 | D:3      | Killed from afar by a white imp

Action                   |  1- 3 |  4- 6 || total
-------------------------+-------+-------++-------
Melee: Flail             |   121 |    96 ||   217
  Eat: Chunk             |     1 |     3 ||     4
